 Dungeon Crawl Stone Soup version 0.16-a0-4092-gb8933cd (webtiles) character file.

303 Chiseanne the Covered (level 6, -1/48 HPs)
             Began as a Demonspawn Wanderer on Feb 24, 2015.
             Slain by an orc warrior
             ... wielding a +0 trident
              (15 damage)
             ... on level 4 of the Dungeon.
             The game lasted 00:10:09 (2990 turns).

Chiseanne the Covered (Demonspawn Wanderer)         Turns: 2990, Time: 00:10:09

Health: -1/48      AC: 17    Str: 13    XL:     6   Next: 15%
Magic:  7/7        EV:  4    Int: 13    God:
Gold:   203        SH: 10    Dex: 14    Spells: 0 memorised, 5 levels left

rFire  . . .     SeeInvis .     a - +3 dagger (speed)
rCold  . . .     Clarity  .     b - +3 scale mail
rNeg   . . .     SustAb   .     d - +0 large shield
rPois  .         Gourm    .     o - +1 helmet
rElec  .         Spirit   .     (no cloak)
rCorr  .         Warding  .     (no gloves)
rMut   .         Stasis   .     (no boots)
MR     .....                    (no amulet)
Stlth  ..........               (no ring)
                                h - +5 ring of protection

@: not resistant to hostile enchantments, extremely unstealthy
A: powered by death 2
a: no special abilities


You were on level 4 of the Dungeon.
You were not hungry.

You visited 1 branch of the dungeon, and saw 4 of its levels.

You collected 203 gold pieces.

Inventory:

Hand weapons
 a - a +3 dagger of speed (weapon)
 s - a +2 dagger of pain
Missiles
 i - 23 poisoned needles
 m - 8 bolts
Armour
 b - a +3 scale mail (worn)
 d - a +0 large shield (worn)
 o - a +1 helmet (worn)
Jewellery
 h - a +5 ring of protection (left hand)
Magical devices
 n - a wand of hasting (4)
Scrolls
 f - a scroll of teleportation
 q - a scroll of fear {unknown}
 t - a scroll of magic mapping
Potions
 e - a potion of cure mutation {unknown}
 g - a potion of heal wounds
 r - a potion of agility {unknown}
Books
 c - the Tome of Gliding Conjuration

   Spells                             Type                      Level
   a - Shock                          Conjuration/Air              1
   b - Static Discharge               Conjuration/Air              3
Comestibles
 j - a royal jelly
 k - 2 beef jerkies
 l - a meat ration
 p - 2 bread rations
 u - 2 chunks of flesh


   Skills:
 * Level 3.8 Fighting
 * Level 5.5 Armour
 - Level 1.2 Dodging
 - Level 1.0 Stealth
 * Level 0.1 Shields
   Level 3.0 Conjurations
 - Level 1.0 Evocations


You had 5 spell levels left.
You didn't know any spells.

Dungeon Overview and Level Annotations

Branches:
Dungeon (4/15)
 Temple: D:4-7

Altars:
Dithmenos
Fedhas


Innate Abilities, Weirdness & Mutations

You can steal the life force of defeated enemies.


Message History

You block the orc's attack.
The orc warrior hits you from afar with a trident!
* * * LOW HITPOINT WARNING * * *
The orc priest hits you but does no damage.
You hit the orc priest but do no damage.
The orc priest is moderately wounded.
The orc hits you but does no damage.
The orc warrior hits you from afar with a trident.
* * * LOW HITPOINT WARNING * * *
Your shield prevents you from hitting the orc priest.
The orc priest is moderately wounded.
The orc priest completely misses you. You block the orc's attack.
The puff of flame hits you!
You closely miss the orc.
Your shield prevents you from hitting the orc.
The orc hits you but does no damage. You block the orc warrior's attack.
You closely miss the orc. The orc hits you but does no damage.
The orc warrior hits you from afar with a trident!
You die...

... ##.## ... ##.##
##...## # ##.....#
.###.#### #......#
....!...{###.....<###
.......ooo@)........+
..$##.##o###.#...####
#.# #.##.## #.#
#.#### #.# ).. #.#
#.# ..# #.# ### #..
###


You could see an orc warrior, an orc priest and 2 orcs.

Vanquished Creatures
  A scorpion (D:3)
  2 orc priests (D:3)
  An orc wizard (D:4)
  Robin (D:2)
  6 adders
  A giant mite (D:2)
  A worm (D:2)
  An ooze (D:2)
  3 orcs (D:3)
  A ball python (D:2)
  2 giant cockroaches
  28 goblins
  5 hobgoblins
  5 jackals
  6 kobolds
  9 bats
  2 giant geckos
  6 giant newts
  13 rats
94 creatures vanquished.

Notes
Turn   | Place    | Note
--------------------------------------------------------------
     0 | D:1      | Chiseanne, the Demonspawn Wanderer, began the quest for the Orb.
     0 | D:1      | Chiseanne set off with: a +2 scale mail, a +0 hand axe, the Tome of Gliding Conjuration, a bread ration
     0 | D:1      | Reached XP level 1. HP: 15/15 MP: 1/1
     0 | D:1      | Identified the Tome of Gliding Conjuration
   317 | D:1      | Reached skill level 4 in Armour
   317 | D:1      | Gained mutation: You can steal the life force of nearby defeated enemies. [demonic ancestry]
   317 | D:1      | Reached XP level 2. HP: 14/21 MP: 2/2
   970 | D:1      | Reached XP level 3. HP: 24/26 MP: 3/3
  1253 | D:2      | Reached skill level 1 in Dodging
  1468 | D:2      | Reached XP level 4. HP: 30/32 MP: 4/4
  1668 | D:2      | Noticed Robin
  1713 | D:2      | Killed Robin
  1713 | D:2      | Reached skill level 5 in Armour
  2033 | D:3      | Reached XP level 5. HP: 37/39 MP: 5/5
  2238 | D:3      | Found a blossoming altar of Fedhas.
  2328 | D:3      | Found a shadowy altar of Dithmenos.
  2820 | D:3      | Gained mutation: You can steal the life force of defeated enemies. [demonic ancestry]
  2820 | D:3      | Reached XP level 6. HP: 27/47 MP: 7/7
  2976 | D:4      | Noticed an orc warrior
  2990 | D:4      | Slain by an orc warrior

Action                   |  1- 3 |  4- 6 || total
-------------------------+-------+-------++-------
Melee: Hand axe          |   135 |    30 ||   165
       Dagger            |       |   276 ||   276
  Use: Scroll            |     7 |     4 ||    11
       Potion            |       |     3 ||     3
  Eat: Chunk             |     2 |     5 ||     7
